 Dungeon Crawl Stone Soup version 0.24.0-37-gcf1ca852f1 (webtiles) character file.

Game seed: 8141257238058036515, levelgen mode: deterministic

25050 DildoBatman the Geomancer (level 13, -4/95 (96) HPs)
             Began as a Formicid Wizard on Dec 4, 2019.
             Was an Initiate of Gozag.
             Slain by a komodo dragon zombie (15 damage)
             ... animated by the malice of Kikubaaqudgha
             ... on level 2 of the Lair of Beasts.
             The game lasted 00:54:33 (13543 turns).

DildoBatman the Geomancer (Formicid Wizard)        Turns: 13543, Time: 00:54:33

HP:   -4/95 (96)    AC:  6    Str: 13    XL:     13   Next: 47%
MP:   13/24         EV: 20    Int: 30    God:    Gozag
Gold: 961           SH:  0    Dex: 12    Spells: 0/26 levels left

rFire    + . .     SeeInvis +   a - +3 scimitar (elec)
rCold    . . .     Gourm    .   (no shield)
rNeg     . . .     Faith    .   O - +2 robe {rF+}
rPois    .         Spirit   .   (helmet unavailable)
rElec    .         Reflect  .   (no cloak)
rCorr    .         Harm     .   (no gloves)
MR       +....                  q - +0 pair of boots
Stlth    ++........             (no amulet)
HPRegen  1.25/turn              K - ring of the Thirteen Tales {*Drain Int+8 Dex+3 Slay-5 SInv}
MPRegen  0.19/turn              m - +5 ring of evasion

@: regenerating
A: permanent stasis, dig shafts and tunnels, four strong arms, antennae 3
a: Dig, Shaft Self, Potion Petition, Call Merchant, Bribe Branch, Renounce
Religion


You were on level 2 of the Lair of Beasts.
You worshipped Gozag.
Gozag was pleased with you.
You were full.

You visited 4 branches of the dungeon, and saw 16 of its levels.

You collected 1415 gold pieces.
You paid 454 gold pieces to Gozag.

Inventory:

Hand Weapons
 a - a +3 scimitar of electrocution (weapon)
 b - a +1 trident of pain
 c - a +0 shortbow
Missiles
 e - 34 bolts
 j - 28 sling bullets
 n - 3 throwing nets (quivered)
Armour
 q - a +0 pair of boots (worn)
 O - a +2 robe of fire resistance (worn)
Jewellery
 d - an uncursed ring of positive energy
 m - a +5 ring of evasion (right hand)
 o - an uncursed ring of protection from magic {unknown}
 y - an uncursed ring of ice
 G - an uncursed ring of protection from fire
 K - the ring of the Thirteen Tales (left hand) {*Drain Int+8 Dex+3 Slay-5 SInv}
   (You found it on level 8 of the Dungeon)

   [ring of see invisible]

   It affects your intelligence (+8).
   It affects your dexterity (+3).
   It affects your accuracy and damage with ranged weapons and melee attacks
   (-5).
   It lets you see invisible.
   It causes draining when unequipped.
 L - an uncursed ring of protection from fire
 M - an uncursed ring of positive energy
Wands
 g - a wand of disintegration (7)
 l - a wand of paralysis (22)
 N - a wand of acid (3)
Scrolls
 h - 3 scrolls of enchant armour {unknown}
 p - a scroll of fear {unknown}
 t - a scroll of blinking {unknown}
 x - 3 scrolls of remove curse
 z - 3 scrolls of identify
 C - 4 scrolls of magic mapping
Potions
 f - a potion of heal wounds
 i - 2 potions of flight {unknown}
 k - 2 potions of mutation {unknown}
 s - a potion of might {unknown}
 u - 3 potions of agility
 w - a potion of degeneration {unknown}
 A - a potion of curing
 H - a potion of ambrosia {unknown}
 I - a potion of lignification {unknown}
 S - 2 potions of cancellation {unknown}
 Y - a potion of invisibility {unknown}
Comestibles
 v - 32 rations


   Skills:
 * Level 7.5 Fighting
 * Level 7.5 Armour
 * Level 6.6 Dodging
 - Level 2.4 Stealth
 - Level 7.3 Spellcasting
 - Level 6.0 Conjurations
 - Level 4.6 Charms
   Level 1.0 Summonings
 - Level 10.0 Necromancy
   Level 0.8 Translocations
 - Level 5.0 Fire Magic
 - Level 5.0 Air Magic
 - Level 10.1 Earth Magic


You couldn't memorise any spells.
You knew the following spells:

 Your Spells              Type           Power        Failure   Level  Hunger
a - Conjure Flame         Conj/Fire      #####...     1%          3    None
b - Borgnjor's Vile Clut  Necr/Erth      ######....   1%          5    ####...
c - Bolt of Draining      Conj/Necr      ######....   4%          5    ####...
d - Regeneration          Chrm/Necr      ######....   1%          3    None
e - Mephitic Cloud        Conj/Pois/Air  ####....     3%          3    None
h - Dispel Undead         Necr           ######..     1%          5    ####...
z - Sublimation of Blood  Necr           ######....   1%          2    None

Your spell library contained the following spells:

 Spells                   Type           Power        Failure   Level  Hunger
 Magic Dart               Conj           ####         1%          1    None
 Pain                     Necr           ####         1%          1    None
 Corpse Rot               Necr           N/A          1%          2    None
 Searing Ray              Conj           #####.       1%          2    None
 Iskenderun's Mystic Bla  Conj           #####...     3%          4    ##.....
 Confusing Touch          Hex            ##....       4%          1    None
 Call Imp                 Summ           ###.....     4%          2    None
 Dazzling Spray           Conj/Hex       ####..       4%          3    None
 Petrify                  Tmut/Erth      #####...     6%          4    ##.....
 Slow                     Hex            ##......     7%          2    None
 Gell's Gravitas          Tloc           ###.......   10%         3    None
 Force Lance              Conj/Tloc      ####....     11%         4    ##.....
 Death Channel            Necr           ######....   12%         6    ######.
 Fulminant Prism          Conj/Hex       ####......   13%         4    ##.....
 Confuse                  Hex            ##......     14%         3    None
 Ice Form                 Ice/Tmut       ##......     41%         4    ##.....
 Simulacrum               Ice/Necr       #####.....   65%         6    ######.
 Metabolic Englaciation   Hex/Ice        ##........   77%         5    ####...
 Yara's Violent Unravell  Hex/Tmut       ##........   77%         5    ####...
 Freezing Cloud           Conj/Ice/Air   ####......   83%         6    ######.
 Bolt of Cold             Conj/Ice       ####......   90%         6    ######.
 Haunt                    Necr/Summ      #####.....   99%         7    #######
 Borgnjor's Revivificati  Necr           ######....   99%         8    #######
 Infestation              Necr           ######....   99%         8    #######
 Ozocubu's Refrigeration  Ice            ##........   100%        6    ######.
 Death's Door             Chrm/Necr      ######....   100%        8    #######
 Necromutation            Tmut/Necr      #####.....   100%        8    #######
 Blink                    Tloc           Unusable     N/A         2    N/A

Dungeon Overview and Level Annotations

Branches:
Dungeon (11/15)            Temple (1/1) D:4            Lair (2/6) D:11
    Orc (2/2) D:10            Elf (0/3) Orc:2
  Swamp: Lair:2-4    Shoals: Lair:2-4     Snake: Lair:2-4    Spider: Lair:2-4

Altars:
Ashenzari
Cheibriados
Dithmenos
Elyvilon
Fedhas
Gozag
Hepliaklqana
Kikubaaqudgha
Makhleb
Nemelex Xobeh
Okawaru
Qazlal
Ru
Sif Muna
Trog
Uskayaw
Vehumet
Wu Jian
Xom
Yredelemnul
Zin
The Shining One

Shops:
D:9 *

Annotations:
D:1 Natasha, Sigmund
D:2 1 exclusion
D:7 3 runed translucent doors, iamserjio's ghost, novice OpFi


Innate Abilities, Weirdness & Mutations

You cannot be hasted, slowed, berserked, paralysed or teleported.
You can dig through walls and to a lower floor.
Your four strong arms can wield two-handed weapons with a shield.
You have a pair of large antennae on your head. (SInv)


Message History

Confirm with . or Enter, or press ? or * to list all spells.
Aiming: Conjure Flame (safe; 1% risk of failure)
Press: ? - help, Dir - move target cursor The fire ignites!
The porcupine zombie is engulfed in blazing flames.
The komodo dragon zombie is engulfed in blazing flames.
The komodo dragon zombie bites you!
You slash the komodo dragon zombie!
The komodo dragon zombie is heavily damaged.
The porcupine zombie is engulfed in blazing flames.
The crocodile zombie is engulfed in blazing flames.
The komodo dragon zombie is engulfed in blazing flames.
The komodo dragon zombie bites you!!
You hit the komodo dragon zombie.
The komodo dragon zombie is severely damaged.
The crocodile zombie is engulfed in blazing flames.
The komodo dragon zombie is engulfed in blazing flames.
The komodo dragon zombie bites you!
You die...
Your body crumbles into a pile of gold.

#.. ###..##.##..# $ #
##..#......## #...........#
###........#..##
#......8.8..#..#
.....#..#....○..#..# P.#..####
8.<. +......<.§Z...+ .........
... #..#......Z#..# .....>...
#. #..#..8.8{#@..# #........
######...#........## #........
PPP.P.#...........# #........
.P.P..#..##....#.## #......![
.......#..##.##..#####........
.......##.......###...........
........##......##.##.........
..........##..#...####........
.................## #........


You could see a komodo dragon zombie and a crocodile zombie.

Vanquished Creatures
  An orc warlord (Orc:1)
  A two-headed ogre (D:10)
  A hydra (Lair:2)
  Erica (D:8)
  A centaur warrior (D:10)
  An orc high priest (Orc:2)
  Pikel (D:7)
  An orc sorcerer (Orc:2)
  A cyclops (D:11)
  2 ugly things (D:11)
  A black mamba (Lair:1)
  6 spiny frogs
  A rime drake (Lair:2)
  3 komodo dragons
  A troll (Orc:1)
  3 slime creatures (D:6)
  2 hydra skeletons (Lair:1)
  8 blink frogs (Lair:1)
  A hippogriff (D:10)
  A black mamba zombie (Lair:1)
  A shadow (D:9)
  A wraith (D:10)
  A wyvern (Lair:2)
  A basilisk (Lair:1)
  18 yaks
  2 wargs
  Edmund (D:6)
  12 water moccasins
  Duvessa (D:7)
  3 porcupines
  2 ice beasts
  19 orc warriors
  4 slaves (D:7)
  10 ogres
  3 black bears
  2 phantoms
  A hornet zombie (D:9)
  A necrophage (D:10)
  3 wolves (Lair:2)
  13 centaurs
  An elephant skeleton (Lair:1)
  A torpor snail zombie (Lair:2)
  A blink frog skeleton (Lair:1)
  2 crocodiles (Lair:1)
  5 big kobolds
  A rime drake skeleton (Lair:1)
  8 bullfrogs
  A komodo dragon skeleton (Lair:2)
  Dowan (D:7)
  A wyvern skeleton (D:9)
  2 scorpions (D:8)
  8 wights
  A polar bear skeleton (Lair:2)
  4 howler monkeys
  7 crimson imps
  A bullfrog zombie (D:11)
  A quasit (D:11)
  7 jellies
  11 orc priests
  8 hounds
  18 orc wizards
  2 bullfrog skeletons (Lair:1)
  Jessica (D:9)
  A centaur skeleton (D:5)
  3 iguanas (D:11)
  A porcupine zombie (Lair:2)
  8 worker ants
  A crocodile skeleton (Lair:1)
  19 adders
  4 shadow imps
  4 oozes (D:6)
  An adder skeleton (D:3)
  2 worms
  5 dart slugs
  4 leopard geckos
  82 orcs
  3 giant cockroaches
  12 hobgoblins
  13 jackals
  5 quokkas
  A ball python (D:1)
  4 bats
  2 frilled lizards
  5 goblins
  A jackal skeleton (D:4)
  A jackal zombie (D:8)
  19 kobolds
  A quokka zombie (D:7)
  6 rats
438 creatures vanquished.

Vanquished Creatures (others)
  An adder (D:7)
  11 fungi
  A plant (Lair:1)
  5 toadstools (D:6)
18 creatures vanquished.

Grand Total: 456 creatures vanquished

Notes
Turn   | Place    | Note
-------+----------+-------------------------------------------
     0 | D:1      | DildoBatman the Formicid Wizard began the quest for the
                  | Orb.
     0 | D:1      | Reached XP level 1. HP: 13/13 MP: 4/4
    88 | D:1      | Reached skill level 1 in Conjurations
   331 | D:1      | Reached XP level 2. HP: 19/19 MP: 1/6
   721 | D:1      | Found a snail-covered altar of Cheibriados.
   827 | D:2      | Reached XP level 3. HP: 23/24 MP: 0/7
   831 | D:2      | Learned a level 2 spell: Slow
   835 | D:2      | Learned a level 3 spell: Conjure Flame
  1187 | D:2      | Noticed Sigmund
  1469 | D:2      | Noticed Natasha
  1553 | D:1      | You fall into a shaft and drop 1 floor!
  2127 | D:3      | Reached XP level 4. HP: 30/30 MP: 3/8
  2174 | D:3      | Learned a level 3 spell: Mephitic Cloud
  2345 | D:3      | Reached XP level 5. HP: 33/35 MP: 2/9
  2615 | D:3      | Found a white marble altar of Elyvilon.
  3089 | D:4      | Found a staircase to the Ecumenical Temple.
  3097 | Temple   | Entered the Ecumenical Temple
  3164 | Temple   | Became a worshipper of Kikubaaqudgha
  3368 | D:4      | Reached skill level 5 in Conjurations
  3368 | D:4      | Reached XP level 6. HP: 29/41 MP: 2/10
  3592 | D:4      | Reached * piety under Kikubaaqudgha
  3592 | D:4      | Identified Kikubaaqudgha's Disquisition on Evil
                  | (Kikubaaqudgha gifted it to you on level 4 of the Dungeon)
  3592 | D:4      | Received a gift from Kikubaaqudgha
  3597 | D:4      | Learned a level 2 spell: Sublimation of Blood
  3815 | D:5      | Entered Level 5 of the Dungeon
  3884 | D:5      | Found a snail-covered altar of Cheibriados.
  3930 | D:5      | Got a fine war axe
  3931 | D:5      | Identified the +1 war axe of Youthful Indiscretion {venom,
                  | rC+} (You found it on level 5 of the Dungeon)
  3985 | D:5      | Reached XP level 7. HP: 44/46 MP: 3/11
  3995 | D:5      | Reached skill level 1 in Fire Magic
  3995 | D:5      | Reached skill level 1 in Air Magic
  5098 | D:6      | Reached XP level 8. HP: 27/52 MP: 0/12
  5414 | D:6      | Noticed Edmund
  5479 | D:6      | Killed Edmund
  5479 | D:6      | Reached skill level 5 in Fire Magic
  5673 | D:6      | Reached skill level 5 in Air Magic
  5673 | D:6      | Reached XP level 9. HP: 46/57 MP: 10/13
  5678 | D:6      | Learned a level 3 spell: Regeneration
  5842 | D:6      | Reached ** piety under Kikubaaqudgha
  5842 | D:6      | Reached skill level 1 in Charms
  5842 | D:6      | Reached skill level 1 in Necromancy
  5882 | D:6      | Noticed a slime creature
  5894 | D:6      | Killed a slime creature
  5917 | D:6      | Noticed a slime creature
  5919 | D:6      | Noticed a slime creature
  5924 | D:6      | Killed a slime creature
  5927 | D:6      | Killed a slime creature
  6016 | D:7      | Reached skill level 5 in Spellcasting
  6094 | D:7      | Noticed Pikel
  6113 | D:7      | Killed Pikel
  6113 | D:7      | Reached XP level 10. HP: 54/63 MP: 4/18
  6135 | D:7      | Reached skill level 5 in Necromancy
  6482 | D:7      | Found a glowing golden altar of the Shining One.
  6488 | D:7      | Noticed Dowan
  6489 | D:7      | Noticed Duvessa
  6512 | D:7      | Killed Duvessa
  6516 | D:7      | Killed Dowan
  6566 | D:7      | Found a runed translucent gate.
  6566 | D:7      | Found a runed translucent gate.
  6566 | D:7      | Found a runed translucent gate.
  6568 | D:7      | Noticed iamserjio's ghost (novice OpFi)
  6771 | D:8      | Found a basalt altar of Yredelemnul.
  7177 | D:8      | Reached *** piety under Kikubaaqudgha
  7177 | D:8      | Identified Kikubaaqudgha's Guide on Stolen Souls
                  | (Kikubaaqudgha gifted it to you on level 8 of the Dungeon)
  7177 | D:8      | Received a gift from Kikubaaqudgha
  7186 | D:8      | Learned a level 5 spell: Dispel Undead
  7223 | D:8      | Learned a level 5 spell: Borgnjor's Vile Clutch
  7247 | D:8      | Found a bloodstained altar of Trog.
  7247 | D:8      | Noticed Erica
  7265 | D:8      | Killed Erica
  7284 | D:8      | Found a glowing golden altar of the Shining One.
  7285 | D:8      | Found a sparkling altar of Nemelex Xobeh.
  7421 | D:8      | Got a crude marble ring
  7423 | D:8      | Identified the ring of the Thirteen Tales {*Drain Int+8
                  | Dex+3 Slay-5 SInv} (You found it on level 8 of the Dungeon)
  7791 | D:9      | Found a shattered altar of Ashenzari.
  7914 | D:9      | Reached XP level 11. HP: 45/68 MP: 15/22
  7964 | D:9      | Found a stormy altar of Qazlal.
  8349 | D:9      | Found a glowing silver altar of Zin.
  8355 | D:9      | Found a blossoming altar of Fedhas.
  8358 | D:9      | Found an opulent altar of Gozag.
  8408 | D:9      | Noticed Jessica
  8436 | D:9      | Killed Jessica
  8470 | D:9      | Found a shimmering blue altar of Sif Muna.
  8554 | D:9      | Reached skill level 5 in Earth Magic
  8577 | D:9      | Found Cimoraa's Assorted Antiques.
  8715 | D:10     | Entered Level 10 of the Dungeon
  8809 | D:10     | Noticed a two-headed ogre
  8820 | D:10     | Killed a two-headed ogre
  8906 | D:10     | Reached **** piety under Kikubaaqudgha
  9191 | D:10     | Got a warped long sword
  9192 | D:10     | Identified the cursed +1 long sword of Rubbish {freeze,
                  | +Rage rPois rF- Str+5} (You found it on level 10 of the
                  | Dungeon)
  9517 | D:10     | Noticed a centaur warrior
  9517 | D:10     | Found a staircase to the Orcish Mines.
  9530 | D:10     | Killed a centaur warrior
  9909 | D:11     | Noticed a cyclops
  9924 | D:11     | Killed a cyclops
 10035 | D:11     | Reached XP level 12. HP: 39/74 MP: 16/23
 10087 | D:11     | Reached ***** piety under Kikubaaqudgha
 10087 | D:11     | Reached skill level 10 in Earth Magic
 10253 | D:11     | Reached skill level 10 in Necromancy
 10262 | D:11     | Found a staircase to the Lair.
 10414 | D:11     | Reached skill level 1 in Fighting
 10414 | D:11     | Reached skill level 1 in Armour
 10759 | Orc:1    | Entered Level 1 of the Orcish Mines
 11387 | Orc:1    | Noticed an orc warlord
 11410 | Orc:1    | Killed an orc warlord
 11534 | Orc:2    | Entered Level 2 of the Orcish Mines
 11685 | Orc:2    | Found a staircase to the Elven Halls.
 11689 | Orc:2    | Noticed an orc high priest
 11733 | Orc:2    | Killed an orc high priest
 11884 | Orc:2    | Reached skill level 5 in Armour
 11886 | Orc:2    | Reached skill level 5 in Fighting
 11886 | Orc:2    | Reached ****** piety under Kikubaaqudgha
 11901 | Orc:1    | Received a gift from Kikubaaqudgha
 11905 | Orc:1    | Fell from the grace of Kikubaaqudgha
 11993 | D:9      | Became a worshipper of Gozag Ym Sagoz the Greedy
 12101 | Lair:1   | Entered Level 1 of the Lair of Beasts
 12198 | Lair:1   | Reached skill level 5 in Dodging
 12203 | Lair:1   | Reached XP level 13. HP: 69/92 MP: 20/24
 12326 | Lair:1   | Learned a level 5 spell: Bolt of Draining
 13138 | Lair:2   | Noticed a five-headed hydra
 13145 | Lair:2   | Killed a five-headed hydra
 13543 | Lair:2   | Slain by a komodo dragon zombie

Levels and vault maps discovered:
D:1:      dpeg_arrival_lava_altar, layout_rooms, st_stairs_12
D:2:      layout_basic, uniq_sigmund, uniq_natasha
D:3:      layout_basic, nicolae_overflow_hidden_temple
D:4:      layout_basic, minmay_temple_entry_tees
D:5:      layout_layer_cave, kennysheep_mini, first_ration
D:6:      cheibrodos_fertilizer, layout_loops_ring, grunt_ministairs_9,
          uniq_edmund
D:7:      layout_rooms, basic_altar, gammafunk_ghost_necromancy, uniq_duvessa,
          uniq_pikel
D:8:      layout_basic, lemuel_doored_altar,
          chequers_temple_overflow_statue_of_worship, uniq_erica
D:9:      layout_irregular_city, kennysheep_mini_moat,
          minmay_overflow_temple_star_quad, basic_altar, serial_shops,
          nicolae_shop_statue_plus, grunt_ogre_cave, tgw_sif
D:10:     layout_basic, david_orc_2
D:11:     layout_stronghold, lair_entry_dummy
Temple:   minmay_temple_bridge_abc
Lair:1:   layout_small_grid
Lair:2:   layout_small_grid, beast_lair_carwin_1, grunt_megastairs_2
Orc:1:    layout_diamond_mine, minmay_orc_barracks
Orc:2:    grunt_orc_community_town_hall, layout_caves,
          grunt_orc_community_big_house_2, grunt_orc_community_big_house_2,
          grunt_orc_community_house_1, grunt_orc_community_house_3,
          grunt_orc_community_house_3, grunt_orc_community_house_1,
          grunt_orc_community_house_3, grunt_orc_community_house_3

Skill      XL: |  1  2  3  4  5  6  7  8  9 10 11 12 13 |
---------------+----------------------------------------+-----
Conjurations   | 1 2 3 4 5 6 |  6.0
Fire Magic     | 3 5 |  5.0
Air Magic      | 2 5 |  5.0
Charms         | 4 |  4.6
Necromancy     | 4 7 9 10 | 10.0
Spellcasting   | 5 7 |  7.3
Earth Magic    | 4 9 10 | 10.1
Dodging        | 5 6 |  6.6
Fighting       | 5 7 |  7.5
Armour         | 5 7 |  7.5
Stealth        | |  2.4
Summonings     | |  1.0
Translocations | |  0.8

Action                   |  1- 3 |  4- 6 |  7- 9 | 10-12 | 13-15 || total
-------------------------+-------+-------+-------+-------+-------++-------
Melee: Unarmed           |    25 |       |       |       |       ||    25
       Short sword       |    27 |    10 |       |       |       ||    37
       Rapier            |       |   110 |   164 |       |       ||   274
       War axe           |       |     5 |       |       |       ||     5
       Scimitar          |       |       |     4 |   386 |    93 ||   483
       Staff             |       |       |       |    10 |       ||    10
 Fire: Shortbow          |       |       |    57 |   126 |       ||   183
 Cast: Magic Dart        |    79 |    60 |    40 |    64 |       ||   243
       Conjure Flame     |     1 |     2 |    19 |    50 |    25 ||    97
       Mephitic Cloud    |       |     5 |    16 |    50 |     8 ||    79
       Regeneration      |       |       |     3 |    48 |    16 ||    67
       Sublimation of Bl |       |       |     1 |    21 |     3 ||    25
       Borgnjor's Vile C |       |       |       |    44 |     7 ||    51
       Dispel Undead     |       |       |       |     4 |       ||     4
       Bolt of Draining  |       |       |       |       |     1 ||     1
Invok: Receive Necronomi |       |       |       |     1 |       ||     1
       Renounce Religion |       |       |       |     1 |       ||     1
 Abil: Dig               |     5 |     6 |     9 |    41 |    26 ||    87
       Shaft Self        |     1 |       |       |       |       ||     1
  Use: Potion            |     3 |       |     3 |     1 |     1 ||     8
       Scroll            |       |     5 |       |     7 |       ||    12
 Stab: Sleeping          |     1 |       |       |     3 |       ||     4
       Confused          |       |     1 |     5 |     9 |     2 ||    17
  Eat: Chunk             |     3 |     7 |     9 |    57 |       ||    76
       Ration            |     1 |       |       |       |     2 ||     3
Armor: Robe              |     5 |    14 |    12 |    57 |    13 ||   101
Dodge: Dodged            |    46 |   122 |   133 |   418 |    98 ||   817
       Rpst.: Scimitar   |       |       |     2 |   109 |    28 ||   139
